cohdb
Replays
Latest Replays
All Replays
Popular Replays
Top Player Replays
Match Explorer
How It Works
Community
CoH3 Stats
Reddit
Sign in to upload your games and track your stats! →
Sign in with Steam
Match 45162837
Unlisted
Match 45162837
Overview
Messages
Build Orders
End
Kradschützen Motorcycle Team
Selects Panzerjäger Kommand Battlegroup
Panzergrenadier Squad
250 Light Carrier
Panzergrenadier Squad
Construct Light Support Kompanie
2.5-tonne Medical Truck
Construct Mechanized Kompanie
Support Armor Elements
Selects Tank Busters
StuG III D Assault Gun
le.IG 18 Mechanized Group
StuG III D Assault Gun
StuG III D Assault Gun
Advanced Field Repairs
Selects Crew Shock Tactics
le.IG 18 Mechanized Group
SoF Ya Nos
Halal Headshot
Nagi.SP
SoultaF
0
0
Comments
sign in to comment!
No comments posted yet!